 Dungeon Crawl Stone Soup version 0.14-a0-1613-gd720e3e (webtiles) character file.

1118 M4edhros the Bolt Thrower (level 8, -1/55 HPs)
             Began as an Octopode Wanderer on Dec 25, 2013.
             Slain by an ice beast (2 damage)
             ... on Level 5 of the Dungeon.
             The game lasted 00:05:47 (3500 turns).

M4edhros the Bolt Thrower (Octopode Wanderer)       Turns: 3500, Time: 00:05:47

HP  -1/55        AC  1     Str 12      XL: 8   Next: 12%
MP   8/8         EV 12     Int 17      God:
Gold 174         SH  0     Dex 10      Spells:  0 memorised,  7 levels left

rFire  . . .     SeeInvis .     a - +1,+2 crossbow
rCold  . . .     Clarity  .     (no shield)
rNeg   . . .     Conserve .     (helmet restricted)
rPois  .         rCorr    .     (no amulet)
rElec  .         rRot     .     (no ring)
SustAb . .       Spirit   .     (no ring)
rMut   .         Warding  .     (no ring)
Saprov . . .     Stasis   .     (no ring)
                                (no ring)
                                (no ring)
                                (no ring)
                                (no ring)

@: slightly resistant to hostile enchantments, stealthy
A: almost no armour, amphibious, 8 rings, constrict 8, camouflage 1, gelatinous
body 1
a: no special abilities


You were on level 5 of the Dungeon.
You were hungry.

You visited 1 branch of the dungeon, and saw 6 of its levels.

You collected 174 gold pieces.

Inventory:

Hand weapons
 a - a +1,+2 crossbow (weapon)
 s - a +0,+1 scythe of distortion
 z - a +4,+3 quarterstaff of chaos
 A - the +8,+4 hammer of Equilibrium {flame, Stlth++}
   (You found it on level 4 of the Dungeon)

   It emits flame when wielded, causing extra injury to most foes and up to
   double damage against particularly susceptible opponents.
   It makes you much more stealthy.
Missiles
 c - 19 bolts (quivered)
Magical devices
 q - a wand of paralysis (10)
 y - a wand of draining (6)
Comestibles
 d - 3 bread rations
 h - a sausage
 n - 2 apples
 p - 2 pears
Scrolls
 b - 4 scrolls of identify
 f - a scroll of curse armour {unknown}
 i - 2 scrolls of fear
 l - a scroll of blinking {unknown}
 o - 2 scrolls of enchant weapon I
 r - 2 scrolls of teleportation
 t - a scroll of remove curse {unknown}
 v - a scroll of amnesia
Jewellery
 e - a cursed amulet of resist mutation
Potions
 g - a potion of porridge
 j - 3 potions of curing
 k - a potion of invisibility
 m - a potion of speed


   Skills:
 - Level 5.0 Fighting
 * Level 5.9 Staves
 + Level 7.1 Crossbows
 - Level 1.0 Throwing
 * Level 1.5 Dodging
 - Level 1.3 Stealth


You had 7 spell levels left.
You didn't know any spells.

Dungeon Overview and Level Annotations

Branches:
Dungeon (6/16)
 Temple: D:4-7

Altars:


Innate Abilities, Weirdness & Mutations

You cannot wear most types of armour.
You are amphibious.
You can wear up to eight rings at the same time.
You can use your tentacles to constrict many enemies at once.
Your skin changes colour to match your surroundings (Stlth).
Your rubbery body absorbs attacks (AC +1).


Message History

The ice beast hits you. The ice beast freezes you!
* * * LOW HITPOINT WARNING * * *
Firing (i - inventory):
c - 21 bolts (quivered)
Press: ? - help, Shift-Dir - straight line, f/p - ice beast
Aim: an ice beast (almost dead)
You shoot a bolt. The bolt hits the ice beast.
The ice beast is almost dead.
The ice beast barely misses you. The ice beast hits you.
* * * LOW HITPOINT WARNING * * *
The ice beast freezes you!
* * * LOW HITPOINT WARNING * * *
Drink which item? (? for menu, Esc to quit)
Okay, then.
Firing (i - inventory):
c - 20 bolts (quivered)
Press: ? - help, Shift-Dir - straight line, f/p - ice beast
Aim: an ice beast (almost dead)
You shoot a bolt. The bolt hits the ice beast.
The ice beast is almost dead.
The ice beast hits you.
You die...

#..###.......................
#..........................##
#.####.%..................?...
.....................<.....##
.....................##....#
.............................
.....................### ..$.
.......................O <..
......########@....### .
.............I.....#
##.##......$........#
......................
#.##......(.......$.$.
###.##.....>...$.......
.....I..............#.
###.#########.......#
#..%....I...........


You could see an ice beast and an ogre (wandering).

Vanquished Creatures
  A sky beast (D:6)
  An ogre (D:6)
  A giant frog (D:6)
  Sigmund (D:5)
  3 wights (D:6)
  2 crimson imps (D:6)
  Crazy Yiuf (D:4)
  An orc wizard (D:6)
  2 worker ants (D:5)
  An iguana (D:5)
  A hound skeleton (D:4)
  A mummy (D:6)
  7 adders
  An inept item mimic (D:6)
  2 worms
  A giant eyeball (D:5)
  2 giant geckos (D:1)
  3 orcs (D:6)
  A bat skeleton (D:6)
  4 goblins
  9 hobgoblins
  4 jackals (D:2)
  2 quokkas
  10 bats
  A giant cockroach (D:1)
  6 giant newts
  A giant spore (D:6)
  3 kobolds
  A kobold zombie (D:6)
  2 orc skeletons (D:6)
  5 rats
  3 ballistomycetes (D:6)
84 creatures vanquished.

Notes
Turn   | Place    | Note
--------------------------------------------------------------
     0 | D:1      | M4edhros, the Octopode Wanderer, began the quest for the Orb.
     0 | D:1      | Reached XP level 1. HP: 18/18 MP: 1/1
   119 | D:1      | Reached XP level 2. HP: 24/24 MP: 2/2
   759 | D:2      | Reached XP level 3. HP: 24/29 MP: 3/3
  1134 | D:2      | Reached XP level 4. HP: 35/35 MP: 4/4
  1370 | D:4      | Reached skill level 5 in Crossbows
  1430 | D:4      | Noticed Crazy Yiuf
  1436 | D:4      | Killed Crazy Yiuf
  1450 | D:4      | Got a crude hammer
  1452 | D:4      | Identified the +8,+4 hammer of Equilibrium {flame, Stlth++} (You found it on level 4 of the Dungeon)
  1539 | D:4      | Reached XP level 5. HP: 39/39 MP: 5/5
  1717 | D:4      | Noticed an ogre
  1745 | D:5      | Entered Level 5 of the Dungeon
  1745 | D:5      | Noticed Sigmund
  1755 | D:5      | Paralysed by a giant eyeball for 2 turns
  1850 | D:5      | Reached skill level 1 in Staves
  1927 | D:5      | Noticed an ice beast
  1948 | D:6      | Noticed an ogre
  1959 | D:6      | Killed an ogre
  1959 | D:6      | Reached XP level 6. HP: 43/45 MP: 6/6
  1961 | D:6      | Paralysed by a potion of paralysis for 5 turns
  2077 | D:6      | Noticed a sky beast
  2093 | D:6      | Killed a sky beast
  2093 | D:6      | Reached skill level 6 in Crossbows
  2093 | D:6      | HP: 2/45 [worm (3)]
  2517 | D:6      | Reached XP level 7. HP: 50/50 MP: 7/7
  2749 | D:6      | Reached skill level 5 in Staves
  3354 | D:5      | Reached skill level 7 in Crossbows
  3354 | D:5      | Reached XP level 8. HP: 55/55 MP: 8/8
  3357 | D:5      | Killed Sigmund
  3357 | D:5      | Reached skill level 1 in Dodging
  3499 | D:5      | HP: 1/55 [ice beast (13)]
  3500 | D:5      | Slain by an ice beast

Action                   |  1- 3 |  4- 6 |  7- 9 || total
-------------------------+-------+-------+-------++-------
Melee: Quarterstaff      |       |    16 |       ||    16
 Fire: Crossbow          |    53 |    66 |    65 ||   184
Evoke: Wand              |       |     1 |     1 ||     2
  Use: Potion            |     2 |     8 |     1 ||    11
       Scroll            |       |    11 |       ||    11
 Stab: Sleeping          |       |     1 |       ||     1
